 Dungeon Crawl Stone Soup version 0.29.1-15-g9cfb28693d (webtiles) character file.

Game seed: 13799951631534151825

49 Heoruswealwe the Magician (level 3, -7/19 HPs)
             Began as a Deep Elf Earth Elementalist on Apr 19, 2023.
             Was a Follower of the Shining One.
             Killed from afar by Robin (10 damage)
             ... with a puff of flame
             ... on level 2 of the Dungeon.
             The game lasted 00:09:36 (971 turns).

Heoruswealwe the Magician (DEEE)                     Turns: 971, Time: 00:09:37

Health: -7/19      AC:  2    Str:  5    XL:     3   Next: 51%
Magic:  2/10       EV: 12    Int: 21    God:    the Shining One [*.....]
Gold:   55         SH:  0    Dex: 15    Spells: 4/10 levels left

rFire   . . .      SeeInvis .   (no weapon)
rCold   . . .      Faith    .   (no shield)
rNeg    . . .      Spirit   .   c - +0 robe
rPois   .          Reflect  .   (no helmet)
rElec   .          Harm     .   (no cloak)
rCorr   .          Rampage  .   (no gloves)
Will    .....                   (no boots)
Stlth   +.........              (no amulet)
HPRegen 0.06/turn               (no ring)
MPRegen 0.12/turn               (no ring)

@: glowing
A: no striking features
a: Renounce Religion, Divine Shield


You were on level 2 of the Dungeon.
You worshipped the Shining One.
The Shining One was aware of your devotion.
You visited 1 branch of the dungeon, and saw 2 of its levels.

You collected 55 gold pieces.

Inventory:

Armour
 c - a +0 robe (worn)
Scrolls
 a - a scroll of identify
Potions
 b - a potion of magic
 d - a potion of might {unknown}
 e - a potion of resistance


   Skills:
 - Level 2.4 Dodging
 - Level 2.4 Stealth
 + Level 4.4 Spellcasting
 - Level 1.1 Transmutations
 + Level 4.2 Earth Magic


You had 4 spell levels left.
You knew the following spells:

 Your Spells              Type           Power      Damage    Failure   Level
a - Sandblast             Erth           44%        2d11      1%          1
b - Stone Arrow           Conj/Erth      26%        3d8       14%         3
z - Passwall              Tmut/Erth      12%        N/A       6%          2

Your spell library contained the following spells:

 Spells                   Type           Power      Damage    Failure   Level
 Petrify                  Tmut/Erth      15%        N/A       36%         4


Dungeon Overview and Level Annotations

Branches:
Dungeon (2/15)

Altars:
The Shining One

Annotations:
D:2 Robin


Message History

A hobgoblin comes into view.
The goblin moves out of view.
The goblin shouts!
A goblin comes into view. It is wielding a +0 dagger.
A goblin comes into view. It is wielding a +0 dagger.
The goblin shouts!
The hobgoblin hits you.
You miscast Sandblast.
You are very lightly contaminated with residual magic.
Nothing appears to happen.
The hobgoblin barely misses you.
The blast of sand hits the hobgoblin!
You kill the hobgoblin!
Robin of the Strong Arm comes into view.
They are wielding a +0 spear and carrying a wand of flame (20).
Robin moves out of view.
The blast of sand hits the goblin!
You kill the goblin!
The blast of sand hits the goblin!
You kill the goblin!
The goblin barely misses you.
The blast of sand hits the goblin!
You kill the goblin!
Your magical contamination has completely faded away.
The blast of sand hits the goblin.
You kill the goblin!
Robin hits you from afar with a +0 spear.
The goblin closely misses you.
The blast of sand hits the goblin!
You kill the goblin!
Robin zaps a wand.
The puff of flame hits you!
Ouch! That really hurt!
Things that are here:
a +0 dagger; a +0 dagger; a +0 dagger
Things that are here:
a +0 club; a +0 club You see here 6 stones.
Robin zaps a wand.
The puff of flame hits you.
* * * LOW HITPOINT WARNING * * *
Robin zaps a wand.
The puff of flame hits you!
Ouch! That really hurt!
You die...

######## #.......# .......#
#.......# ######.# #.......#
## #.# #)......# .# #.#
#.......# .#####.# #.......#
# .....#.######.......# .#
>...................## .#
.#####.####.....@....#####.#
.# #.#
#######....g...).##### .#
#.# ########........ .# #.#
#(######## ## #.#########
#......... ######..).......
###)###### ...........#####
#.).###. ####...........
###..... # #.......####
###.#.


You could see Robin.

Vanquished Creatures
  A worm (D:2)
  A dart slug (D:2)
  4 ball pythons (D:1)
  5 bats
  An endoplasm (D:1)
  A giant cockroach (D:2)
  15 goblins
  3 hobgoblins
  A quokka (D:2)
  3 frilled lizards (D:1)
  A kobold (D:2)
  3 rats
39 creatures vanquished.

Notes
Turn   | Place    | Note
-------+----------+-------------------------------------------
     0 | D:1      | Heoruswealwe the Deep Elf Earth Elementalist began the
                  | quest for the Orb.
     0 | D:1      | Reached XP level 1. HP: 10/10 MP: 6/6
    90 | D:1      | Found a faded altar of an unknown god.
   112 | D:1      | Prayed at the altar of an unknown god.
   112 | D:1      | Became a worshipper of the Shining One
   112 | D:1      | Reached * piety under the Shining One
   236 | D:1      | Reached XP level 2. HP: 15/15 MP: 5/8
   239 | D:1      | Learned a level 2 spell: Passwall
   772 | D:2      | Reached XP level 3. HP: 19/19 MP: 6/10
   776 | D:2      | Learned a level 3 spell: Stone Arrow
   948 | D:2      | Noticed Robin
   971 | D:2      | Killed from afar by Robin

Illustrated notes

Levels and vault maps discovered:
D:1:      lightli_molten_gateway, layout_basic, basic_ecumenical_altar
D:2:      mumra_celtic_spiral_tile, layout_basic, minmay_pentomino_p2,
          uniq_robin

Skill      XL: |  1  2 |
---------------+-------+-----
Spellcasting   | 4 |  4.4
Earth Magic    | 4 |  4.2
Dodging        | |  2.4
Stealth        | |  2.4
Transmutations | |  1.1

Action                   || total
-------------------------++-------
 Cast: Sandblast         ||    46
       Passwall          ||     3
  Use: Scroll            ||     3
Armor: Robe              ||     1
Dodge: Dodged            ||     9
